 Dungeon Crawl Stone Soup version 0.31.0-9-g3a7656b989 (webtiles) character file.

Game seed: 5961471448413255895

154 qw the Skirmisher (level 5, -6/29 HPs)
             Began as a Deep Elf Hunter on Feb 2, 2024.
             Mangled by Edmund
             ... wielding a +2 dire flail of protection
              (12 damage)
             ... on level 4 of the Dungeon.
             The game lasted 00:00:10 (2799 turns).

qw the Skirmisher (Deep Elf Hunter)                 Turns: 2799, Time: 00:00:11

Health: -6/29      AC:  9    Str: 10    XL:     5   Next: 13%
Magic:  7/7        EV: 11    Int: 14    God:
Gold:   194        SH:  0    Dex: 18    Spells: 4/4 levels left

rFire   . . .        a - +0 shortbow
rCold   . . .        (shield currently unavailable)
rNeg    . . .        j - +0 ring mail
rPois   .            (no helmet)
rElec   .            h - +2 cloak
rCorr   .            (no gloves)
SInv    .            i - +0 pair of boots
Will    .....        d - amulet of the acrobat
Stlth   +            (no ring)
HPRegen 0.24/turn    (no ring)
MPRegen 0.10/turn

%: acrobat
@: no status effects
A: no striking features
a: no special abilities


You were on level 4 of the Dungeon.
You visited 1 branch of the dungeon, and saw 4 of its levels.

You collected 194 gold pieces.


   Skills:
 - Level 1.5 Fighting
 + Level 8.5 Ranged Weapons
 - Level 2.4 Dodging
 - Level 1.2 Stealth


You had 4 spell levels left.
You didn't know any spells.
Your spell library was empty.

Inventory:

Hand Weapons
 a - a +0 shortbow (weapon)
Armour
 h - a +2 cloak (worn)
 i - a +0 pair of boots (worn)
 j - a +0 ring mail (worn)
Jewellery
 d - an amulet of the acrobat (around neck)
Potions
 b - a potion of lignification {unknown}
 e - a potion of experience {unknown}
 f - a potion of mutation {unknown}
 g - a potion of curing
 k - a potion of heal wounds {unknown}

Dungeon Overview and Level Annotations

Branches:
Dungeon (4/15)
 Temple: D:4-7

Altars:

Annotations:
D:4 Edmund


Message History

You shoot an arrow. The arrow hits Edmund.
Edmund is lightly wounded.
You shoot an arrow.
The arrow hits Edmund but does no damage.
Edmund is lightly wounded.
You shoot an arrow.
The arrow hits Edmund but does no damage.
Edmund is lightly wounded.
You shoot an arrow. The arrow hits Edmund.
Edmund is lightly wounded.
You shoot an arrow. The arrow barely misses Edmund.
Edmund closely misses you.
Edmund hits you with a +2 dire flail of protection!
You shoot an arrow. The arrow barely misses Edmund.
Edmund mutters, "Who needs spells, anyway?"
Edmund hits you with a +2 dire flail of protection.
You shoot an arrow. The arrow hits Edmund.
Edmund is lightly wounded.
Edmund misses you.
You shoot an arrow.
The arrow hits Edmund but does no damage.
Edmund is lightly wounded.
Edmund barely misses you.
You shoot an arrow.
The arrow hits Edmund but does no damage.
Edmund is lightly wounded.
Edmund hits you with a +2 dire flail of protection.
You shoot an arrow. The arrow hits Edmund.
Edmund is moderately wounded.
Edmund hits you with a +2 dire flail of protection. x2
You shoot an arrow.
The arrow hits Edmund but does no damage.
Edmund is moderately wounded.
Edmund hits you with a +2 dire flail of protection.
You shoot an arrow.
The arrow hits Edmund but does no damage.
Edmund is moderately wounded.
Edmund hits you with a +2 dire flail of protection!
You die...
Edmund says, "I'd like to see a scythe do that!"

............####.......##
.#..........###.........#
#.........###.........##
##.........###.........#
..........###..........#
.........####...)......#
.........# #...........#
........## ##..........#
.......)@# #..........#
.......@.!# ##........##
..........# #........#
.[......... ##......##
...........# #......#
#........... ##....##
#...........# ##..##
............ ##.# ###


You could see Edmund.

Vanquished Creatures
  8 adders
  3 dart slugs (D:1)
  A ribbon worm (D:2)
  5 orcs
  5 bats
  6 endoplasms
  4 giant cockroaches
  13 goblins
  5 hobgoblins
  3 quokkas
  3 ball pythons
  3 frilled lizards
  3 kobolds
  5 rats
67 creatures vanquished.

Notes
Turn   | Place    | Note
-------+----------+-------------------------------------------
     0 | D:1      | qw the Deep Elf Hunter began the quest for the Orb.
     0 | D:1      | Reached XP level 1. HP: 12/12 MP: 3/3
     0 | D:1      | 0 ||| qw: Version: 0.3-a-155-g5e7d8dd
     0 | D:1      | 0 ||| qw: Game counter: 2517
     0 | D:1      | 0 ||| qw: Melee chars always use a shield: true
     0 | D:1      | 0 ||| qw: God list: Okawaru
     0 | D:1      | 0 ||| qw: Allow faded altars: false
     0 | D:1      | 0 ||| qw: Do Orc after clearing Dungeon:15 true
     0 | D:1      | 0 ||| qw: Do second Lair branch before Depths: true
     0 | D:1      | 0 ||| qw: Lair rune preference: random
     0 | D:1      | 0 ||| qw: Goals: Normal
     0 | D:1      | 0 ||| PLANNING D:1-11
   233 | D:1      | Reached XP level 2. HP: 16/16 MP: 4/4
   262 | D:1      | Reached skill level 6 in Ranged Weapons
   856 | D:1      | Reached XP level 3. HP: 20/20 MP: 5/5
   901 | D:1      | 901 ||| UPGRADING to +0 ring mail.
   911 | D:1      | 911 ||| DROPPING +0 leather armour.
   912 | D:1      | 912 ||| UPGRADING to amulet of the acrobat.
   917 | D:1      | 917 ||| READING 2 scrolls labelled FESIUPOIWI.
  1018 | D:1      | 1018 ||| READING 2 scrolls labelled CEDASEN CARA.
  1019 | D:1      | 1019 ||| READING 2 scrolls labelled TIPOUC RA ROF.
  1020 | D:1      | 1020 ||| DROPPING scroll of butterflies.
  1021 | D:1      | 1021 ||| DROPPING scroll of vulnerability.
  1022 | D:1      | 1022 ||| DROPPING scroll of amnesia.
  1023 | D:1      | 1023 ||| DROPPING scroll of blinking.
  1160 | D:2      | Reached skill level 7 in Ranged Weapons
  1725 | D:2      | 1725 ||| UPGRADING to +0 cloak.
  1730 | D:2      | 1730 ||| DRINKING 2 inky potions.
  1898 | D:3      | Reached XP level 4. HP: 25/25 MP: 6/6
  2297 | D:3      | Reached skill level 8 in Ranged Weapons
  2372 | D:3      | Found a faded altar of an unknown god.
  2524 | D:3      | 2524 ||| UPGRADING to +2 cloak.
  2534 | D:3      | 2534 ||| DROPPING +0 cloak.
  2535 | D:3      | 2535 ||| UPGRADING to +0 pair of boots.
  2540 | D:3      | 2540 ||| READING 3 scrolls labelled HURIDD URIU.
  2541 | D:3      | 2541 ||| READING scroll labelled KUZAULAUBI.
  2542 | D:3      | 2542 ||| DROPPING 2 scrolls of revelation.
  2544 | D:3      | 2544 ||| Stepping ~*~*~tactically~*~*~ (cloud).
  2547 | D:3      | HP: 6/25 [poisoned by you (poison gas)]
  2552 | D:3      | HP: 3/25 [poisoned by you (poison gas)]
  2685 | D:4      | Reached XP level 5. HP: 29/29 MP: 7/7
  2786 | D:4      | Noticed Edmund
  2798 | D:4      | HP: 6/29 [Edmund/+2 dire flail of protection (4)]
  2799 | D:4      | Mangled by Edmund

Levels and vault maps discovered:
D:1:      lightli_arrival_windingriver, layout_basic
D:2:      minmay_recursive_quarters, layout_loops_ring
D:3:      cheibrodos_greedy_goblins, layout_basic,
          dreamdust_ecumenical_altar_angels_and_demons
D:4:      layout_cave_pods, worldfamousw_hep_ancestral_shrine,
          minmay_temple_entry_antechambers, serial_glass, glass_columns_a,
          glass_columns_a, uniq_natasha, uniq_blork_the_orc, uniq_edmund

Skill      XL: |  1  2  3  4 |
---------------+-------------+-----
Ranged Weapons | 6 7 8 |  8.5
Fighting       | |  1.5
Dodging        | |  2.4
Stealth        | |  1.2

Action                     |  1- 3 |  4- 6 || total
---------------------------+-------+-------++-------
   Fire: Shortbow          |   100 |   114 ||   214
    Use: Scroll            |     3 |     2 ||     5
         Potion            |     1 |       ||     1
 Armour: Leather armour    |    10 |       ||    10
         Ring mail         |    16 |    46 ||    62
  Dodge: Dodged            |    24 |    51 ||    75

Table legend:
 A = Non-vault XP
 B = Vault XP
 C = Vault XP percentage of total XP
 D = Non-vault monster count
 E = Vault monster count
 F = Vault count percentage of total count
                 A         B        C        D         E       F
            +---------+---------+-------+---------+---------+-------
      Total |     187 |      33 |  15.0 |      50 |      17 |  25.4
            +---------+---------+-------+---------+---------+-------
        D:1 |      42 |       0 |   0.0 |      22 |       0 |   0.0
        D:2 |      20 |      16 |  44.4 |       5 |       8 |  61.5
        D:3 |      98 |      17 |  14.8 |      17 |       9 |  34.6
        D:4 |      27 |       0 |   0.0 |       6 |       0 |   0.0
            +---------+---------+-------+---------+---------+-------
